 Dungeon Crawl Stone Soup version 0.28-a0-723-g095bd1b44f (webtiles) character file.

Game seed: 14601411707404866817

7 meatgazer the Skirmisher (level 1, -7/18 HPs)
             Began as a Demonspawn Abyssal Knight on Oct 25, 2021.
             Was a Follower of Lugonu.
             Mangled by a fire bat (9 damage)
             ... on level 1 of the Abyss.
             The game lasted 00:00:36 (297 turns).

meatgazer the Skirmisher (Demonspawn Abyssal Knight) Turns: 297, Time: 00:00:36

Health: -7/18      AC:  3    Str: 13    XL:     1   Next: 83%
Magic:  2/2        EV: 11    Int: 11    God:    Lugonu [*.....]
Gold:   7          SH:  0    Dex: 13    Spells: 0/0 levels left

rFire   . . .      SeeInvis .   a - +1 falchion
rCold   . . .      Faith    .   (no shield)
rNeg    . . .      Spirit   .   b - +0 leather armour
rPois   .          Reflect  .   (no helmet)
rElec   .          Harm     .   (no cloak)
rCorr   .          Rampage  .   (no gloves)
Will    .....                   (no boots)
Stlth   +.........              (no amulet)
HPRegen 0.06/turn               (no ring)
MPRegen 0.08/turn               (no ring)

@: no status effects
A: no striking features
a: Renounce Religion, Depart the Abyss


You were on level 1 of the Abyss.
You worshipped Lugonu.
Lugonu was aware of your devotion.
You visited 0 branches of the dungeon, and saw 0 of its levels.
You visited the Abyss 1 time.

You collected 7 gold pieces.

Inventory:

Hand Weapons
 a - a +1 falchion (weapon)
Armour
 b - a +0 leather armour (worn)
Scrolls
 d - a scroll of teleportation
Potions
 c - a potion of haste {unknown}


   Skills:
 + Level 3.2 Fighting
 + Level 1.9 Long Blades
 + Level 1.8 Armour
 + Level 0.8 Dodging
 + Level 2.5 Invocations


You couldn't memorise any spells.
You didn't know any spells.
Your spell library was empty.

Dungeon Overview and Level Annotations

Branches:
Dungeon (0/15)

Altars:


Message History

You closely miss the white imp.
The white imp is almost dead.
The white imp hits you but does no damage.
You hit the white imp.
You kill the white imp!
You start resting.
A tentacled starspawn comes into view.
An ancient zyme comes into view.
You feel yourself growing ill in the presence of the ancient zyme.
You see here a scroll labelled SODUUXO EDGHOKKI.
d - 2 scrolls labelled SODUUXO EDGHOKKI (gained 1) Tentacles burst from the starspawn's body! 2 starspawn tentacles come into view.
Found 11 gold pieces.
As you read the scroll labelled SODUUXO EDGHOKKI, it crumbles to dust.
You feel strangely unstable.
You feel the power of the Abyss delaying your translocation!
It was a scroll of teleportation.
You feel ill.
You feel ill.
Tentacles burst from the starspawn's body! 2 starspawn tentacles come into view.
The starspawn tentacle grabs you. The starspawn tentacle constricts you.
You escape the starspawn tentacle's grasp.
A black mamba zombie comes into view.
Found a gateway leading out of the Abyss.
A white imp comes into view.
The white imp shouts, "Give up, thou fobbing moldwarp coxcomb!"
Unknown command.
You are suddenly pulled into a different region of the Abyss!
You feel your health improve.
A fire bat comes into view. x2
The fire bat moves out of view.
A fire bat comes into view.
The fire bat bites you.
You are engulfed in flames!
* * * LOW HITPOINT WARNING * * *
The fire bat bites you.
* * * LOW HITPOINT WARNING * * *
You are engulfed in flames!
Ouch! That really hurt!
You die...

...# .....#.. .##
..#.#...#.... ...#
#....#....#
#...##...##.... ##.
...#.#.......# ...#
......##..#..#..#.#
..........b........
.......b..b@.......
...................
.#.....#.....#.....
##...###...## ...#
#.... .....# ...
...... ........ ..
..... .......... .
.#####.#####.###


You could see 3 fire bats.

Vanquished Creatures
  A white imp (Abyss:1)
1 creature vanquished.

Vanquished Creatures (others)
  4 starspawn tentacles (Abyss:1)
4 creatures vanquished.

Grand Total: 5 creatures vanquished

Notes
Turn   | Place    | Note
-------+----------+-------------------------------------------
     0 | Abyss:1  | meatgazer the Demonspawn Abyssal Knight began the quest for
                  | the Orb.
     0 | Abyss:1  | Reached XP level 1. HP: 18/18 MP: 2/2
    53 | Abyss:1  | Found a burning altar of Makhleb.
   129 | Abyss:1  | Noticed a tentacled starspawn
   133 | Abyss:1  | Noticed an ancient zyme
   148 | Abyss:1  | Noticed a black mamba zombie
   293 | Abyss:1  | Noticed a fire bat
   293 | Abyss:1  | Noticed a fire bat
   294 | Abyss:1  | Noticed a fire bat
   297 | Abyss:1  | Mangled by a fire bat

Illustrated notes

Levels and vault maps discovered:
Abyss:1:  base: Temple, base:
Temple

Action                   || total
-------------------------++-------
Melee: Falchion          ||     8
  Use: Scroll            ||     1
Armor: Leather armour    ||     3
Dodge: Dodged            ||     6

Table legend: (Time is in decaauts)
 A = Elapsed time spent in this place.
 B = Non-inter-level travel time spent in this place.
 C = Inter-level travel time spent in this place.
 D = Time resting spent in this place.
 E = Time spent auto-exploring this place.
 F = Levels seen in this place.
 G = Mean time per level.
                   A        B        C        D        E       F      G
               +--------+--------+--------+--------+--------+-----+--------+
         Total |    298 |    298 |      0 |     45 |    204 |   1 |  298.0 |
         Abyss |    298 |    298 |      0 |     45 |    204 |   1 |  298.0 |
               +--------+--------+--------+--------+--------+-----+--------+

Top non-repeatable levels by time:
 Abyss:1: 298 daAuts
